 Dungeon Crawl Stone Soup version 0.21-a0-79-g04744e2 (webtiles) character file.

8701 nikopol the Cleaver (level 11, -10/99 HPs)
             Began as a Minotaur Berserker on June 20, 2017.
             Was a High Priest of Trog.
             Mangled by a large abomination (26 damage)
             ... on level 2 of the Abyss on June 22, 2017.
             The game lasted 00:29:45 (9364 turns).

nikopol the Cleaver (Minotaur Berserker)            Turns: 9364, Time: 00:29:46

Health: -10/99     AC: 12    Str: 22    XL:     11   Next: 13%
Magic:  10/10      EV: 13    Int:  4    God:    Trog [*****.]
Gold:   410        SH:  0    Dex: 13    Spells: 10/10 levels left

rFire    . . .     SeeInvis .   z - +5 shortbow (flame)
rCold    . . .     Gourm    .   (shield currently unavailable)
rNeg     . . .     Faith    .   g - +0 ring mail
rPois    .         Spirit   .   (helmet restricted)
rElec    .         Reflect  .   r - +0 cloak
rCorr    .         Harm     .   K - +0 pair of gloves
MR       .....                  q - +2 pair of boots
Stlth    +.........             (no amulet)
HPRegen  0.26/turn              (no ring)
MPRegen  0.12/turn              (no ring)

@: slowed, heavily drained, very slow
A: retaliatory headbutt, horns 2
a: Berserk, Trog's Hand, Brothers in Arms, Burn Spellbooks, Renounce Religion


You were on level 2 of the Abyss.
You worshipped Trog.
Trog was extremely pleased with you.
You were not hungry.

You visited 1 branch of the dungeon, and saw 10 of its levels.
You visited the Abyss 1 time.
You also visited: Ossuary.

You collected 470 gold pieces.
You spent 60 gold pieces at shops.

Inventory:

Hand Weapons
 a - a +0 hand axe
 l - a +3 longbow of velocity
 z - a +5 shortbow of flaming (weapon)
 B - a +1 morningstar of crushing
 L - a +4 dire flail
Missiles
 n - 194 arrows (quivered)
Armour
 g - a +0 ring mail (worn)
 q - a +2 pair of boots (worn)
 r - a +0 cloak (worn)
 K - a +0 pair of gloves (worn)
Wands
 h - a wand of random effects (9/48)
 m - a wand of polymorph (10/24)
 t - a wand of random effects (13/48)
 v - a wand of polymorph (15/24)
 x - a wand of random effects (30/48)
 C - a wand of acid (15/15)
 D - a wand of polymorph (9/24)
 F - a wand of random effects (37/48)
 O - a wand of iceblast (4/15)
Scrolls
 d - 8 scrolls of identify
 s - 2 scrolls of holy word
 u - a scroll of enchant armour {unknown}
 y - 2 scrolls of magic mapping
 H - 4 scrolls of teleportation
Potions
 b - a potion of curing
 e - 4 potions of heal wounds
 f - 3 potions of brilliance
 k - 3 potions of flight
 o - a potion of magic {unknown}
 p - 2 potions of mutation {unknown}
 A - a potion of resistance {unknown}
 E - 2 potions of might {unknown}
 G - a potion of lignification {unknown}
 M - a potion of ambrosia {unknown}
Comestibles
 c - 7 bread rations
 i - 13 royal jellies
 j - 7 meat rations
 w - 7 fruits
 I - 2 chunks of flesh


   Skills:
 + Level 9.7(7.8) Fighting
 + Level 12.3(10.2) Axes
 + Level 8.7(6.8) Bows
 + Level 8.4(6.5) Armour
 + Level 6.0(4.3) Dodging
 + Level 2.1(0.6) Stealth


You had 10 spell levels left.
You didn't know any spells.

Dungeon Overview and Level Annotations

Branches:
Dungeon (10/15)            Temple (0/1) D:4            Lair (0/6) D:10
    Orc: D:9-12

Altars:
Qazlal
Wu Jian
Xom
Zin

Shops:
D:5 *

Annotations:
D:10 Psyche, Sonja


Innate Abilities, Weirdness & Mutations

You reflexively headbutt those who attack you in melee.
You have a pair of horns on your head.


Message History

A large abomination comes into view.
You are too injured to fight recklessly!
Firing (i - inventory):
n - 196 arrows (quivered)
Press: ? - help, Shift-Dir - straight line, f - large abomination
Aim: a large abomination You shoot an arrow.
The arrow hits the large abomination!
The arrow burns the large abomination.
The large abomination is moderately damaged.
The large abomination hits you!
* * * LOW HITPOINT WARNING * * *
A smoke demon comes into view.
Firing (i - inventory):
n - 195 arrows (quivered)
Press: ? - help, Shift-Dir - straight line, f/p - large abomination
Aim: a large abomination (moderately damaged)
You shoot an arrow. The smoke demon roars!
The arrow hits the large abomination.
The arrow burns the large abomination.
The large abomination is moderately damaged.
The large abomination hits you!!
You die...

..#. ..# #.##..#..
.......#.### .#.## #
.. #..#... #. .#.
..#### # .#...####...
.. ......# #...#....
. .#.
.#.....#..#...##....#
. #.......###.##.#
.#. #......#....#.##
# ##.@##.#...#
###.X###### .. ..#(#
# #.#.ยง.. ## 3 4.#
....# .# ## .#


You could see a large abomination, a hellwing and a smoke demon.

Vanquished Creatures
  A two-headed ogre (D:8)
  A deep elf mage (D:10)
  A gargoyle (D:10)
  Grinder (D:3)
  2 hornets
  5 yaks (D:10)
  Sigmund (D:4)
  A hungry ghost (D:8)
  Eustachio (D:4)
  Menkaure (D:4)
  2 wargs (D:10)
  A soldier ant (D:8)
  Duvessa (D:4)
  4 sky beasts
  3 black bears
  An orc warrior (D:6)
  4 ice beasts
  2 ogres (D:6)
  2 phantoms
  3 centaurs
  A big kobold (D:9)
  7 bullfrogs
  Dowan (D:4)
  A water moccasin zombie (D:8)
  5 killer bees (D:7)
  A scorpion (D:7)
  11 wights (D:8)
  6 crimson imps
  4 hounds
  A quasit (D:6)
  3 jellies
  7 orc priests
  A centaur skeleton (D:9)
  Crazy Yiuf (D:2)
  2 bullfrog skeletons
  4 iguanas
  7 orc wizards
  12 worker ants
  Natasha (thrice) (D:3)
  6 big kobold zombies (Ossuary)
  2 hound skeletons
  5 mummies
  Robin (D:2)
  11 gnolls
  A howler monkey skeleton (D:9)
  15 adders
  A shadow imp (D:8)
  An ooze (D:1)
  2 adder skeletons
  A worm (D:2)
  2 dart slugs (D:2)
  3 leopard geckos
  31 orcs
  2 ball pythons
  2 giant cockroaches
  15 goblins
  14 hobgoblins
  14 jackals
  7 quokkas
  5 bats
  3 frilled lizards
  4 hobgoblin zombies (Ossuary)
  A jackal zombie (D:7)
  13 kobolds
  A leopard gecko skeleton (D:7)
  A quokka skeleton (D:7)
  7 rats
287 creatures vanquished.

Vanquished Creatures (others)
  A worker ant (D:8)
1 creature vanquished.

Grand Total: 288 creatures vanquished

Notes
Turn   | Place    | Note
-------+----------+-------------------------------------------
     0 | D:1      | nikopol the Minotaur Berserker began the quest for the Orb.
     0 | D:1      | Reached XP level 1. HP: 19/19 MP: 0/0
    48 | D:1      | Upgraded the game from 0.21-a0-72-gbbb65ab to 0.21-a0-78-g82a99e0
    48 | D:1      | Upgraded the game from 0.21-a0-78-g82a99e0 to 0.21-a0-79-g04744e2
   260 | D:1      | Reached skill level 4 in Axes
   260 | D:1      | Reached XP level 2. HP: 27/27 MP: 1/1
   816 | D:2      | Reached XP level 3. HP: 32/33 MP: 2/2
   863 | D:2      | Noticed Robin
   869 | D:2      | Reached ** piety under Trog
   872 | D:2      | Killed Robin
   960 | D:2      | Reached XP level 4. HP: 37/41 MP: 3/3
  1129 | D:2      | Found a runed door.
  1133 | D:2      | Noticed Crazy Yiuf
  1138 | D:2      | Killed Crazy Yiuf
  1138 | D:2      | Reached skill level 5 in Axes
  1375 | D:2      | Reached XP level 5. HP: 36/47 MP: 4/4
  1533 | D:3      | Reached skill level 5 in Fighting
  1560 | D:3      | Reached *** piety under Trog
  1677 | D:3      | Noticed Grinder
  1693 | D:3      | Killed Grinder
  1693 | D:3      | Reached skill level 6 in Axes
  1693 | D:3      | Reached XP level 6. HP: 33/56 MP: 5/5
  1981 | D:3      | Noticed Natasha
  1993 | D:3      | Killed Natasha
  2001 | D:3      | Noticed Natasha
  2012 | D:3      | Killed Natasha
  2048 | D:3      | Noticed Natasha
  2056 | D:3      | Killed Natasha
  2161 | D:4      | Reached XP level 7. HP: 61/61 MP: 6/6
  2174 | D:4      | Found a glowing silver altar of Zin.
  2174 | D:4      | Noticed an angel
  2175 | D:4      | Found a shimmering altar of Xom.
  2195 | D:4      | Reached skill level 7 in Axes
  2359 | D:4      | Reached skill level 5 in Armour
  2454 | D:4      | Noticed Sigmund
  2457 | D:4      | Noticed Duvessa
  2461 | D:4      | Killed Sigmund
  2465 | D:4      | Killed Duvessa
  2471 | D:4      | Noticed Dowan
  2497 | D:4      | Killed Dowan
  2497 | D:4      | Reached skill level 8 in Axes
  2659 | D:4      | Noticed Menkaure
  2665 | D:4      | Killed Menkaure
  2665 | D:4      | Reached XP level 8. HP: 53/70 MP: 7/7
  2965 | D:4      | Reached **** piety under Trog
  2987 | D:4      | Found a staircase to the Ecumenical Temple.
  3012 | D:4      | Noticed Eustachio
  3036 | D:4      | Killed Eustachio
  3036 | D:4      | Reached skill level 9 in Axes
  3358 | D:5      | Entered Level 5 of the Dungeon
  3476 | D:5      | Found Razyqe's General Store.
  3479 | D:5      | Bought a scroll of identify for 24 gold pieces
  3479 | D:5      | Bought a scroll of teleportation for 36 gold pieces
  3526 | D:5      | Reached skill level 1 in Stealth
  4019 | D:5      | Reached skill level 10 in Axes
  4436 | D:6      | Reached skill level 5 in Dodging
  4436 | D:6      | Reached XP level 9. HP: 77/78 MP: 8/8
  4726 | D:6      | Reached skill level 11 in Axes
  5085 | D:6      | Found an ornate altar of the Wu Jian Council.
  5192 | D:7      | Reached ***** piety under Trog
  6281 | D:8      | Reached skill level 12 in Axes
  6305 | D:8      | Found a stormy altar of Qazlal.
  6312 | D:8      | Reached skill level 1 in Bows
  6341 | D:8      | Found a sand-covered staircase.
  6351 | Ossuary  | Entered an ossuary
  6438 | Ossuary  | Received a gift from Trog
  6491 | Ossuary  | Reached XP level 10. HP: 90/90 MP: 9/9
  6727 | D:8      | Noticed a two-headed ogre
  6737 | D:8      | Killed a two-headed ogre
  7078 | D:8      | Reached skill level 5 in Bows
  8681 | D:10     | Entered Level 10 of the Dungeon
  8685 | D:10     | Received a gift from Trog
  8820 | D:10     | Noticed a gargoyle
  8840 | D:10     | Killed a gargoyle
  8892 | D:10     | Noticed a deep elf mage
  8898 | D:10     | Killed a deep elf mage
  8956 | D:10     | Reached XP level 11. HP: 97/97 MP: 10/10
  8974 | D:10     | Noticed Sonja
  9087 | D:10     | Found a staircase to the Lair.
  9112 | D:10     | Received a gift from Trog
  9129 | D:10     | Got a pitted shortbow {god gift}
  9130 | D:10     | Identified the +11 shortbow "Runnicso" {velocity, *Drain rElec rF++ rC+} (Trog gifted it to you on level 10 of the Dungeon)
  9297 | D:10     | Noticed Psyche
  9311 | D:10     | Cast into level 2 of the Abyss (Sonja)
  9364 | Abyss:2  | Mangled by a large abomination

Vault maps used:
D:1:      lemuel_arrival_hallway
D:2:      first_bread, uniq_robin, uniq_crazy_yiuf_cottage
D:3:      uniq_natasha, uniq_grinder
D:4:      grunt_temple_overflow_order_and_chaos_1,
          minmay_temple_entry_junction_2, kennysheep_another_room,
          kennysheep_big_empty_room, uniq_sigmund, uniq_duvessa, uniq_menkaure,
          uniq_eustachio
D:5:      serial_shops, nicolae_shop_behind_doors
D:6:      kennysheep_mini_moat
D:8:      nicolae_qazlal_general_emergency, gup_ossuary_entry_pyramid
D:9:      hangedman_pestilent_swarm
D:10:     erik_lair_orcish_takeover, serial_shops, nicolae_shop_waterfront,
          uniq_sonja, uniq_psyche
Abyss:2:  gammafunk_abyss_exit_x_factor, kilobyte_mutagenic_chamber
Ossuary:  ossuary_the_hunt_dpeg

Skill      XL: |  1  2  3  4  5  6  7  8  9 10 |
---------------+-------------------------------+-----
Axes           | 4 5 6 8 10 12 | 12.3
Fighting       | 4 5 6 8 9 |  9.7
Armour         | 3 4 5 6 7 8 |  8.4
Dodging        | 3 5 6 |  6.0
Stealth        | 1 2 |  2.1
Bows           | 1 8 |  8.7

Action                   |  1- 3 |  4- 6 |  7- 9 | 10-12 || total
-------------------------+-------+-------+-------+-------++-------
Melee: Hand axe          |    62 |   113 |   456 |    80 ||   711
       Headbutt          |     9 |    19 |    99 |    21 ||   148
 Fire: Shortbow          |       |       |    39 |   222 ||   261
Invok: Berserk           |     1 |     1 |     4 |     3 ||     9
       Burn Spellbooks   |       |       |     1 |       ||     1
  Use: Scroll            |       |       |    10 |     8 ||    18
       Potion            |       |       |     1 |     2 ||     3
  Eat: Chunk             |     1 |     5 |    17 |    11 ||    34
       Fruit             |       |       |     1 |     1 ||     2
Armor: Ring mail         |    20 |    35 |   121 |    41 ||   217
       Skin              |       |       |     9 |       ||     9
Dodge: Dodged            |    44 |    64 |   218 |    73 ||   399
